 Dungeon Crawl Stone Soup version 0.17-a0-1481-gfdcec5c (webtiles) character file.

49 Ajdolov the Chopper (level 4, -3/35 HPs)
             Began as a Formicid Fighter on July 4, 2015.
             Was an Initiate of the Shining One.
             Succumbed to Ijyb's poison
             ... on level 2 of the Dungeon.
             The game lasted 00:02:55 (1293 turns).

Ajdolov the Chopper (Formicid Fighter)              Turns: 1293, Time: 00:02:56

Health: -3/35      AC:  8    Str: 21    XL:     4   Next: 2%
Magic:  4/4        EV: 12    Int:  7    God:    the Shining One [......]
Gold:   6          SH: 10    Dex: 16    Spells: 0 memorised, 3 levels left

rFire  . . .     SeeInvis +     a - +0 war axe
rCold  . . .     Clarity  .     b - +0 scale mail
rNeg   . . .     SustAt   .     c - +0 shield
rPois  .         Gourm    .     (helmet unavailable)
rElec  .         Spirit   .     (no cloak)
rCorr  .         Warding  .     (no gloves)
rMut   .         Stasis   +     r - +0 pair of boots
MR     .....                    (no amulet)
Stlth  +.........               (no ring)
                                (no ring)

@: agile, lethally poisoned (-3 -> -39), flying, not resistant to hostile
enchantments, very unstealthy
A: permanent stasis, dig shafts and tunnels, four strong arms, antennae 3
a: Dig, Shaft Self, Renounce Religion


You were on level 2 of the Dungeon.
You worshipped the Shining One.
The Shining One was noncommittal.
You were not hungry.

You visited 1 branch of the dungeon, and saw 2 of its levels.

You collected 6 gold pieces.

Inventory:

Hand weapons
 a - a +0 war axe (weapon)
Missiles
 f - 12 sling bullets
 o - 13 silver sling bullets
Armour
 b - a +0 scale mail (worn)
 c - a +0 shield (worn)
 r - a +0 pair of boots (worn)
Jewellery
 k - a cursed -3 ring of evasion {unknown}
Scrolls
 h - 3 scrolls of identify {unknown}
 i - a scroll of teleportation {unknown}
 j - 2 scrolls of enchant armour {unknown}
 n - a scroll of amnesia {unknown}
 q - a scroll of fog {unknown}
Potions
 d - a potion of might
 l - a potion of flight
 m - 2 potions of agility
Comestibles
 e - 3 bread rations
 g - a beef jerky
 p - a meat ration
 s - a chunk of flesh


   Skills:
 - Level 3.2 Fighting
 + Level 4.0 Axes
 - Level 3.2 Armour
 - Level 3.6 Shields


You had 3 spell levels left.
You didn't know any spells.

Dungeon Overview and Level Annotations

Branches:
Dungeon (2/15)

Altars:
Elyvilon
Zin
The Shining One

Annotations:
D:2 Ijyb


Innate Abilities, Weirdness & Mutations

You are under a permanent stasis effect.
You can dig through walls and to a lower floor.
Your four strong arms can wield two-handed weapons with a shield.
You have a pair of large antennae on your head (SInv).


Message History

It was a potion of agility.
You feel agile all of a sudden.
* * * LOW HITPOINT WARNING * * *
You feel very sick. Ijyb hits you but does no damage.
Drink which item? (? for menu, Esc to quit)
It was a potion of flight.
You feel very buoyant.
You fly up into the air.
* * * LOW HITPOINT WARNING * * *
You feel very sick. Ijyb barely misses you.
You slash Ijyb!
Ijyb is severely wounded.
* * * LOW HITPOINT WARNING * * *
You feel very sick. Ijyb closely misses you.
You miss Ijyb.
Ijyb is severely wounded.
You die...

####....<#
#######'#.##.#
####### #.....#.#
### #.....### ..#
#.....# ..# #######
#.....# ..# #.....#
#.....# ..# #.###.#
#.....# ..#
#...#.##############
..##
#######.#..@g...#
...#
#....##.#######.#
...# #.##.##.#
...###.##.##.#
.......##....#
..############ ..#
###


You could see Ijyb.

Vanquished Creatures
  An adder (D:2)
  An ooze (D:2)
  A giant gecko (D:1)
  6 bats
  A goblin (D:1)
  4 hobgoblins
  8 jackals (D:1)
  3 giant cockroaches (D:1)
  5 kobolds
  3 rats
33 creatures vanquished.

Notes
Turn   | Place    | Note
--------------------------------------------------------------
     0 | D:1      | Ajdolov the Formicid Fighter began the quest for the Orb.
     0 | D:1      | Reached XP level 1. HP: 18/18 MP: 1/1
    32 | D:1      | Reached XP level 2. HP: 18/24 MP: 2/2
   284 | D:1      | Reached XP level 3. HP: 29/29 MP: 3/3
  1038 | D:2      | Found a glowing golden altar of the Shining One.
  1038 | D:2      | Found a glowing silver altar of Zin.
  1038 | D:2      | Found a white marble altar of Elyvilon.
  1041 | D:2      | Became a worshipper of the Shining One
  1155 | D:2      | Reached skill level 4 in Axes
  1155 | D:2      | Reached XP level 4. HP: 27/35 MP: 4/4
  1279 | D:2      | Noticed Ijyb
  1292 | D:2      | HP: 1/35 [poisoned by Ijyb]
  1293 | D:2      | Succumbed to Ijyb's poison

Vault maps used:
D:1:      dpeg_arrival_lava_temple_mockup
D:2:      good_gods_mini_temple, uniq_iyjb

Action                   |  1- 3 |  4- 6 || total
-------------------------+-------+-------++-------
Melee: War axe           |   107 |    10 ||   117
  Use: Potion            |       |     2 ||     2
  Eat: Chunk             |     1 |       ||     1
